 Dungeon Crawl Stone Soup version 0.19-a0-1720-gc855d72 (webtiles) character file.

172 JeffiDaFish the Sneak (level 5, 0/25 HPs)
             Began as a Spriggan Enchanter on Sept 29, 2016.
             Slain by a killer bee (8 damage)
             ... on level 3 of the Dungeon.
             The game lasted 00:10:03 (2398 turns).

JeffiDaFish the Sneak (Spriggan Enchanter)          Turns: 2398, Time: 00:10:03

Health: 0/25       AC:  5    Str:  2 (4)  XL:     5   Next: 27%
Magic:  0/10       EV: 19    Int: 14 (17) God:
Gold:   149        SH:  0    Dex: 16 (17) Spells: 4 memorised, 1 level left

rFire  . . .     SeeInvis +     a - +2 dagger
rCold  . . .     Gourm    .     b - +2 robe
rNeg   . . .     Faith    .     (shield restricted)
rPois  .         Spirit   .     (helmet restricted)
rElec  .         Dismiss  .     (no cloak)
rCorr  +         Reflect  .     (gloves unavailable)
MR     +....     Harm     .     (boots unavailable)
Stlth  ++++......               (no amulet)
                                k - ring of protection from magic
                                j - ring of resist corrosion

@: very quick
A: unfitting armour, see invisible, herbivore 3, speed 3, slow metabolism 2
a: no special abilities


You were on level 3 of the Dungeon.
You were not hungry.

You visited 1 branch of the dungeon, and saw 3 of its levels.

You collected 149 gold pieces.

Inventory:

Hand Weapons
 a - a +2 dagger (weapon)
Missiles
 g - 6 curare-tipped needles (quivered)
Armour
 b - a +2 robe (worn)
Jewellery
 j - a ring of resist corrosion (left hand)
 k - a ring of protection from magic (right hand)
Scrolls
 e - 3 scrolls of identify
 h - a scroll of teleportation
 i - a scroll of fear
 o - a scroll of amnesia
 p - a scroll of recharging {unknown}
Potions
 l - a potion of haste
 n - a potion of agility
Books
 c - a book of Maledictions

   Spells                             Type                      Level
   a - Corona                         Hexes                        1
   b - Ensorcelled Hibernation        Hexes/Ice                    2
   c - Confuse                        Hexes                        3
   d - Tukima's Dance                 Hexes                        3
   e - Dazzling Spray                 Conjuration/Hexes            3
Comestibles
 d - 3 bread rations
 f - a royal jelly
 m - 2 fruits


   Skills:
 + Level 0.5 Fighting
 + Level 1.5 Short Blades
 + Level 4.2 Dodging
 + Level 5.9 Stealth
 + Level 3.1 Spellcasting
 + Level 4.6 Hexes
 * Level 1.5 Ice Magic


You had one spell level left.
You knew the following spells:

 Your Spells              Type           Power        Failure   Level  Hunger
a - Corona                Hex            ###....      3%          1    #......
b - Ensorcelled Hibernat  Hex/Ice        ##....       12%         2    ##.....
c - Confuse               Hex            ###.....     12%         3    ###....
d - Dazzling Spray        Conj/Hex       #.....       24%         3    ###....


Dungeon Overview and Level Annotations

Branches:
Dungeon (3/15)

Altars:


Innate Abilities, Weirdness & Mutations

You are very small and have problems with some larger weapons.
You are too small for most types of armour.
You have supernaturally acute eyesight. (SInv)
You are a herbivore.
You cover ground extremely quickly.
You need consume almost no food.


Message History

The killer bee is lightly wounded.
The killer bee stings you!
You hit the killer bee.
The killer bee is moderately wounded.
The killer bee closely misses you. The killer bee misses you.
Casting: Confuse
Confirm with . or Enter, or press ? or * to list all spells.
You don't have enough magic to cast that spell.
The killer bee closely misses you.
Casting: Confuse
Confirm with . or Enter, or press ? or * to list all spells.
Aiming: Ensorcelled Hibernation
Press: ? - help, Shift-Dir - straight line, f - killer bee
Aim: a killer bee (moderately wounded, chance to defeat MR: 50%)
The killer bee resists with some effort.
The killer bee closely misses you. The killer bee completely misses you.
You hit the killer bee.
The killer bee is moderately wounded.
The killer bee misses you. The killer bee stings you!
You die...

### #.. #.#
.###. #.#
##.... #@#
$..g. #y# ....#
#.####### #.y.#
#g......# #...#
#.#####.# #y..#
#.# #.# #...#
#.# #.###...#
#.# #.......#
#.#####..#....#


You could see a killer bee and a goblin.

Vanquished Creatures
  A scorpion (D:3)
  A killer bee (D:3)
  4 adders
  An ooze (D:2)
  2 worms
  A dart slug (D:2)
  2 bats (D:2)
  2 giant cockroaches
  3 hobgoblins
  2 jackals (D:1)
  2 quokkas (D:3)
  3 frilled lizards
  6 goblins
  2 kobolds
  3 rats (D:1)
35 creatures vanquished.

Notes
Turn   | Place    | Note
-------+----------+-------------------------------------------
     0 | D:1      | JeffiDaFish the Spriggan Enchanter began the quest for the Orb.
     0 | D:1      | Reached XP level 1. HP: 9/9 MP: 5/5
   801 | D:1      | Reached XP level 2. HP: 13/13 MP: 6/6
   805 | D:1      | Learned a level 2 spell: Ensorcelled Hibernation
  1091 | D:2      | Reached skill level 5 in Stealth
  1446 | D:2      | Reached XP level 3. HP: 16/16 MP: 8/8
  1949 | D:3      | Noticed a scorpion
  1961 | D:3      | Killed a scorpion
  1961 | D:3      | Reached XP level 4. HP: 21/21 MP: 4/9
  1966 | D:3      | Learned a level 3 spell: Confuse
  2169 | D:3      | Found a faded altar of an unknown god.
  2194 | D:3      | Reached skill level 1 in Ice Magic
  2360 | D:3      | Learned a level 3 spell: Dazzling Spray
  2376 | D:3      | Reached XP level 5. HP: 20/25 MP: 7/10
  2398 | D:3      | Slain by a killer bee

Vault maps used:
D:1:      sevenhm_arrival_forest_fort_large_4
D:2:      grunt_decor_mini_mirrors, corner_web_ring, grunt_ministairs_4
D:3:      xom_redecorated, ecumenical_altar_1

Skill      XL: |  1  2  3  4 |
---------------+-------------+-----
Stealth        | 5 |  5.9
Hexes          | 4 |  4.6
Dodging        | 4 |  4.2
Spellcasting   | 3 |  3.1
Ice Magic      | 1 |  1.5
Fighting       | |  0.5
Short Blades   | |  1.5

Action                   |  1- 3 |  4- 6 || total
-------------------------+-------+-------++-------
Melee: Dagger            |    80 |    25 ||   105
 Cast: Ensorcelled Hiber |     5 |     5 ||    10
       Confuse           |       |     4 ||     4
  Use: Scroll            |    10 |     1 ||    11
       Potion            |     3 |     3 ||     6
 Stab: Sleeping          |    11 |     7 ||    18
       Distracted        |     1 |       ||     1
       Confused          |       |     1 ||     1
Armor: Robe              |     8 |     2 ||    10
Dodge: Dodged            |    46 |    16 ||    62
